 Dungeon Sprint DCSS version 0.23-a0-109-g5e4b187 (webtiles) character file.

16110 emperorscorpion the Eclecticist (level 12, -15/74 HPs)
             Began as an Octopode Air Elementalist on Aug 22, 2018.
             Was the Champion of Sif Muna.
             Demolished by a cyan very ugly thing (19 damage)
             ... in the Dungeon (Sprint IX: "|||||||||||||||||||||||||||||").
             The game lasted 00:15:35 (2557 turns).

emperorscorpion the Eclecticist (OpAE)              Turns: 2557, Time: 00:15:36

Health: -15/74     AC:  1    Str:  7    XL:     12   Next: 34%
Magic:  13/33      EV: 19    Int: 25    God:    Sif Muna [******]
Gold:   13         SH:  0    Dex: 13    Spells: 27/46 levels left

rFire    + . .     SeeInvis .   b - staff of energy
rCold    . . .     Gourm    .   (no shield)
rNeg     . . .     Faith    .   (helmet restricted)
rPois    +         Spirit   .   (no amulet)
rElec    .         Reflect  .   n - +3 ring of intelligence
rCorr    .         Harm     .   o - +2 ring of evasion
MR       .....     NoTele   +   t - ring of protection from fire
Stlth    ++++......             E - ring of poison resistance
HPRegen  0.22/turn              F - ring of stealth
MPRegen  0.23/turn              (no ring)
                                (no ring)
                                (no ring)

@: no status effects
A: almost no armour, stealthy swim, amphibious, 8 rings, constrict 8, camouflage
1, gelatinous body 1
a: Divine Energy, Channel Magic, Forget Spell, Renounce Religion


You were in the Dungeon.
You worshipped Sif Muna.
Sif Muna was exalted by your worship.
You were hungry.

You visited 1 branch You collected 1733 gold pieces.
You spent 1720 gold pieces at shops.

Inventory:

Hand Weapons
 a - a +2 halberd of venom
 x - a +0 blowgun
 y - a +2 dagger of distortion
Missiles
 w - 6 curare-tipped needles
Armour
 H - a +1 large shield
Magical Staves
 b - an uncursed staff of energy (weapon)
Jewellery
 n - a +3 ring of intelligence (left tentacle)
 o - a +2 ring of evasion (right tentacle)
 t - a ring of protection from fire (on tentacle)
 E - a ring of poison resistance (on tentacle)
 F - a ring of stealth (on tentacle)
 G - an uncursed ring of fire
Wands
 k - a wand of iceblast (5)
 u - a wand of polymorph (12)
 A - a wand of acid (11)
Scrolls
 h - 7 scrolls of blinking
 i - 8 scrolls of remove curse
 j - 2 scrolls of amnesia
 m - 3 scrolls of enchant weapon
 p - a scroll of fear
 q - 2 scrolls of enchant armour
 B - a scroll of immolation
 C - 2 scrolls of identify
Potions
 c - 6 potions of curing
 d - 9 potions of heal wounds
 e - 4 potions of haste
 f - 4 potions of magic
 g - a potion of invisibility
 s - 2 potions of might
 v - a potion of lignification
 I - a potion of mutation
 J - a potion of brilliance
Miscellaneous
 r - a lamp of fire
 z - a phial of floods
Comestibles
 l - 12 rations
 D - 3 chunks of flesh


   Skills:
 + Level 4.2 Fighting
 + Level 6.8 Dodging
 - Level 2.6 Stealth
 * Level 17.9 Spellcasting
 + Level 9.7 Conjurations
 + Level 15.5 Air Magic
 * Level 13.1 Invocations


You had 27 spell levels left.
You knew the following spells:

 Your Spells              Type           Power        Failure   Level  Hunger
a - Shock                 Conj/Air       ####         0%          1    None
b - Airstrike             Air            #######...   1%          4    None
c - Swiftness             Chrm/Air       ######..     1%          2    None
d - Lightning Bolt        Conj/Air       ######....   1%          5    None
e - Mephitic Cloud        Conj/Pois/Air  ######..     1%          3    None
f - Iskenderun's Mystic   Conj           ######..     1%          4    None

Your spell library contained the following spells:

 Spells                   Type           Power        Failure   Level  Hunger
 Magic Dart               Conj           ####         1%          1    None
 Sting                    Conj/Pois      ####         1%          1    None
 Poisonous Vapours        Pois/Air       ######       1%          2    None
 Searing Ray              Conj           ######       1%          2    None
 Throw Flame              Conj/Fire      #####.       1%          2    None
 Throw Frost              Conj/Ice       #####.       1%          2    None
 Conjure Flame            Conj/Fire      #####...     1%          3    None
 Dazzling Spray           Conj/Hex       #####.       1%          3    None
 Static Discharge         Conj/Air       ######..     1%          3    None
 Stone Arrow              Conj/Erth      #####.       1%          3    None
 Summon Lightning Spire   Summ/Air       ######..     1%          4    None
 Conjure Ball Lightning   Conj/Air       ######....   1%          6    None
 Freeze                   Ice            ###.         2%          1    None
 Summon Small Mammal      Summ           ###.         2%          1    None
 Ensorcelled Hibernation  Hex/Ice        ###...       3%          2    None
 Passwall                 Tmut/Erth      ###.....     3%          2    None
 Force Lance              Conj/Tloc      #####...     3%          4    None
 Fulminant Prism          Conj/Hex       #####.....   3%          4    None
 Throw Icicle             Conj/Ice       #####...     3%          4    None
 Call Canine Familiar     Summ           ###.....     7%          3    None
 Ignite Poison            Fire/Tmut/Pois ###.....     7%          3    None
 Inner Flame              Hex/Fire       ###.....     7%          3    None
 Ozocubu's Armour         Chrm/Ice       ###.....     7%          3    None
 Summon Guardian Golem    Hex/Summ       ###.....     7%          3    None
 Iskenderun's Battlesphe  Conj/Chrm      #####...     9%          5    None
 Venom Bolt               Conj/Pois      #####.....   9%          5    None
 Freezing Cloud           Conj/Ice/Air   ######....   11%         6    None
 Olgreb's Toxic Radiance  Pois           ###.....     22%         4    None
 Summon Ice Beast         Ice/Summ       ###.....     22%         4    None
 Bolt of Cold             Conj/Ice       #####.....   41%         6    None
 Bolt of Fire             Conj/Fire      #####.....   41%         6    None
 Iron Shot                Conj/Erth      #####.....   41%         6    None
 Lee's Rapid Deconstruct  Erth           ###.......   52%         5    None
 Chain Lightning          Conj/Air       ######....   63%         8    None
 Ozocubu's Refrigeration  Ice            ###.......   98%         6    None
 Tornado                  Air            #######...   98%         9    None
 Lehudib's Crystal Spear  Conj/Erth      #####.....   100%        8    None
 Dragon's Call            Summ           ###.......   100%        9    None
 Glaciate                 Conj/Ice       #####.....   100%        9    None


Dungeon Overview and Level Annotations

Branches:
Dungeon (1/1)

Altars:
Cheibriados
Dithmenos
Elyvilon
Fedhas
Gozag
Hepliaklqana
Kikubaaqudgha
Makhleb
Nemelex Xobeh
Okawaru
Qazlal
Ru
Sif Muna
Trog
Uskayaw
Vehumet
Wu Jian
Xom
Yredelemnul
Zin
The Shining One
Beogh
Jiyva
Lugonu

Shops:
D }[?[


Innate Abilities, Weirdness & Mutations

You cannot wear most types of armour.
You are very stealthy in the water. (Stealth+)
You are amphibious.
You can wear up to eight rings at the same time.
You can use your tentacles to constrict eight enemies at once.
Your skin changes colour to match your surroundings (Stealth+).
Your rubbery body absorbs attacks. (AC +1, EV +1)


Message History

The bolt of lightning hits the death knight.
You kill the death knight!
Sif Muna accepts your kill.
Your lamp of fire has recharged.
The bolt of lightning misses the rakshasa.
The cyan very ugly thing pecks you!! The cyan very ugly thing shocks you!!
Unknown command.
Unknown command.
Casting: Lightning Bolt (safe; 1% risk of failure)
Confirm with . or Enter, or press ? or * to list all spells.
Aiming: Lightning Bolt (safe; 1% risk of failure)
Press: ? - help, Shift-Dir - straight line, f/p - cyan very ugly thing
Aim: a cyan very ugly thing (severely wounded)
You hear a mighty clap of thunder!
The bolt of lightning misses the cyan very ugly thing.
The bolt of lightning misses the rakshasa.
The cyan very ugly thing pecks you!!
* * * LOW HITPOINT WARNING * * *
The cyan very ugly thing shocks you!!
You die...

▓_▓.▓÷▓.▓)▓.▓.▓,*,*,*,*,*,*,*,
▓_▓.▓.▓.▓.▓.▓.▓,*+*,*,*,*,*,*+
▓_▓.▓.▓.▓.▓.▓.▓,*,*,*+*,*,*,*,
▓_▓.▓.▓.▓.▓.▓.▓,*,*,*,*,*,*,*,
▓_▓.▓.▓.▓.▓.▓.▓,*,*,*,*,*,*,*,
▓_▓.▓.▓.▓.▓.▓.▓,*,*,*,*,*,*,*,
▓_▓.▓.▓.▓'▓.▓.▓,*,*,*,*,*,*,*,
▓'▓.▓'▓.▓)▓.▓.▓,*,*,*,*,*,*,*,
▓.▓.▓.▓)▓)▓.▓@▓,*,*,*,*,*,*,*,
▓.▓.▓.▓.▓)▓.▓u▓,*,*,*,*,*,*,*,
▓.▓.▓÷▓.▓)▓.▓†▓,*,*,*,*,*,*,*,
▓)▓.▓†▓.▓.▓.▓)▓,*+*,*,*,*,*,*,
▓[▓.▓.▓.▓∩▓.▓R▓,*,*,*,*,*,*,*,
▓[▓.▓.▓.▓.▓.▓.▓,*,*,*,*,*,*,*,
▓[▓.▓.▓.▓∩▓.▓)▓,*,*,*,*,*,*,*,
▓.▓.▓.▓.▓)▓.▓.▓,*,*,*,*,*,*,*+
▓.▓.▓.▓.▓∩▓.▓,*,*,*,*,*,*,*,*,


You could see a cyan very ugly thing and a rakshasa.

Vanquished Creatures
  A very ugly thing (D)
  2 hydras (D)
  2 two-headed ogres (D)
  A centaur warrior (D)
  A death knight (D)
  Erica (D)
  An orc high priest (D)
  Sonja (D)
  2 orc knights (D)
  2 orc sorcerers (D)
  A manticore (D)
  A black mamba (D)
  Joseph (D)
  3 spiny frogs (D)
  2 komodo dragons (D)
  2 tyrant leeches (D)
  A polar bear (D)
  A blink frog (D)
  2 hippogriffs (D)
  Eustachio (D)
  Grum (D)
  2 wyverns (D)
  3 yaks (D)
  2 hungry ghosts (D)
  2 vampire mosquitoes (D)
  3 porcupines (D)
  2 water moccasins (D)
  An ice beast (D)
  9 orc warriors (D)
  4 wolves (D)
  3 crocodiles (D)
  3 bullfrogs (D)
  A killer bee (D)
  A wight (D)
  A howler monkey (D)
  A crimson imp (D)
  A jelly (D)
  A hound (D)
  An orc priest (D)
  7 orc wizards (D)
  A shadow imp (D)
  18 orcs (D)
  2 bats (D)
  A bat zombie (D)
  A goblin (D)
  A quokka zombie (D)
  2 rats (D)
104 creatures vanquished.

Notes
Turn   | Place    | Note
-------+----------+-------------------------------------------
     0 | D        | emperorscorpion the Octopode Air Elementalist began the quest for the Orb.
     0 | D        | Reached XP level 1. HP: 11/11 MP: 3/3
     5 | D        | Reached skill level 3 in Spellcasting
    52 | D        | Noticed an orc wizard
    52 | D        | Noticed an orc wizard
    52 | D        | Noticed a hound
    60 | D        | Reached skill level 4 in Spellcasting
    60 | D        | Reached XP level 2. HP: 17/17 MP: 0/7
    62 | D        | Reached skill level 6 in Spellcasting
    62 | D        | Reached XP level 3. HP: 21/21 MP: 0/10
    66 | D        | Reached XP level 4. HP: 11/27 MP: 1/12
    69 | D        | Reached skill level 5 in Air Magic
    76 | D        | Found a roughly hewn altar of Beogh.
    76 | D        | Found a snail-covered altar of Cheibriados.
    76 | D        | Found a shadowy altar of Dithmenos.
    76 | D        | Found a white marble altar of Elyvilon.
    76 | D        | Found a blossoming altar of Fedhas.
    76 | D        | Found an opulent altar of Gozag.
    77 | D        | Found a hazy altar of Hepliaklqana.
    78 | D        | Found a viscous altar of Jiyva.
    79 | D        | Found an ancient bone altar of Kikubaaqudgha.
    80 | D        | Found a corrupted altar of Lugonu.
    81 | D        | Found a burning altar of Makhleb.
    82 | D        | Found a sparkling altar of Nemelex Xobeh.
    83 | D        | Found an iron altar of Okawaru.
    84 | D        | Found a stormy altar of Qazlal.
    85 | D        | Found a sacrificial altar of Ru.
    86 | D        | Found a deep blue altar of Sif Muna.
    87 | D        | Found a bloodstained altar of Trog.
    88 | D        | Found a hide-covered altar of Uskayaw.
    89 | D        | Found a radiant altar of Vehumet.
    90 | D        | Found an ornate altar of the Wu Jian Council.
    91 | D        | Found a shimmering altar of Xom.
    92 | D        | Found a basalt altar of Yredelemnul.
    93 | D        | Found a glowing silver altar of Zin.
    94 | D        | Became a worshipper of Sif Muna the Loreminder
    95 | D        | Found a glowing golden altar of the Shining One.
   129 | D        | Learned a level 4 spell: Airstrike
   132 | D        | Learned a level 2 spell: Swiftness
   336 | D        | Noticed a crocodile
   336 | D        | Noticed an ice beast
   336 | D        | Noticed a wyvern
   336 | D        | Noticed a hungry ghost
   357 | D        | Reached skill level 7 in Spellcasting
   357 | D        | Reached XP level 5. HP: 32/32 MP: 12/14
   361 | D        | Reached * piety under Sif Muna
   365 | D        | Killed a crocodile
   365 | D        | Reached skill level 1 in Fighting
   365 | D        | Reached XP level 6. HP: 38/38 MP: 1/16
   402 | D        | Learned a level 5 spell: Lightning Bolt
   500 | D        | Killed an ice beast
   500 | D        | Reached ** piety under Sif Muna
   500 | D        | Reached skill level 8 in Spellcasting
   518 | D        | Killed a wyvern
   518 | D        | Reached *** piety under Sif Muna
   518 | D        | Reached XP level 7. HP: 38/43 MP: 0/19
   664 | D        | Killed a hungry ghost
   664 | D        | Reached skill level 5 in Dodging
   664 | D        | Reached skill level 9 in Spellcasting
   664 | D        | Reached skill level 10 in Air Magic
   755 | D        | Noticed a hippogriff
   755 | D        | Noticed a yak
   755 | D        | Noticed a two-headed ogre
   755 | D        | Noticed a centaur warrior
   757 | D        | Killed a yak
   757 | D        | Reached **** piety under Sif Muna
   757 | D        | Reached skill level 10 in Spellcasting
   760 | D        | Killed a hippogriff
   760 | D        | Reached skill level 5 in Invocations
   760 | D        | Reached XP level 8. HP: 23/50 MP: 4/22
   793 | D        | Killed a centaur warrior
   793 | D        | Reached ***** piety under Sif Muna
   793 | D        | Reached skill level 11 in Spellcasting
   793 | D        | Reached XP level 9. HP: 21/54 MP: 9/24
   796 | D        | Killed a two-headed ogre
   796 | D        | Received a gift from Sif Muna
   796 | D        | Reached skill level 12 in Spellcasting
   817 | D        | Learned a level 3 spell: Mephitic Cloud
  1131 | D        | Noticed an eight-headed hydra
  1131 | D        | Noticed a spiny frog
  1136 | D        | Killed a spiny frog
  1136 | D        | Reached skill level 13 in Spellcasting
  1137 | D        | Noticed a five-headed hydra
  1152 | D        | Killed an eight-headed hydra
  1152 | D        | Received a gift from Sif Muna
  1152 | D        | Reached XP level 10. HP: 62/62 MP: 21/27
  1158 | D        | Killed a five-headed hydra
  1158 | D        | Reached skill level 14 in Spellcasting
  1158 | D        | Reached skill level 5 in Conjurations
  1289 | D        | Noticed a black mamba
  1291 | D        | Received a gift from Sif Muna
  1294 | D        | Killed a black mamba
  1296 | D        | Reached skill level 15 in Spellcasting
  1296 | D        | Reached skill level 10 in Invocations
  1305 | D        | Learned a level 4 spell: Iskenderun's Mystic Blast
  1375 | D        | Noticed a spiny frog
  1375 | D        | Noticed a spiny frog
  1376 | D        | Killed a spiny frog
  1376 | D        | Reached XP level 11. HP: 67/67 MP: 24/30
  1378 | D        | Identified Yhel's Incunabulum of Snow and Envenoming (Sif Muna gifted it to you in the Dungeon)
  1378 | D        | Received a gift from Sif Muna
  1597 | D        | Noticed Eustachio
  1600 | D        | Killed Eustachio
  1615 | D        | Noticed Grum
  1618 | D        | Killed Grum
  1638 | D        | Noticed Sonja
  1737 | D        | Killed Sonja
  1737 | D        | Identified Sif Muna's Reference Book on the Blistering Mountains (Sif Muna gifted it to you in the Dungeon)
  1737 | D        | Received a gift from Sif Muna
  1737 | D        | Reached skill level 16 in Spellcasting
  1754 | D        | Noticed Joseph
  1759 | D        | Killed Joseph
  1759 | D        | Reached ****** piety under Sif Muna
  1789 | D        | Noticed an orc knight
  1789 | D        | Noticed an orc knight
  1793 | D        | Killed an orc knight
  1802 | D        | Killed an orc knight
  2032 | D        | Identified Sif Muna's Papyrus of Arcane Weapons (Sif Muna gifted it to you in the Dungeon)
  2032 | D        | Received a gift from Sif Muna
  2045 | D        | Reached skill level 15 in Air Magic
  2252 | D        | Found Jodiluut's Gadget Emporium.
  2252 | D        | Noticed an orc sorcerer
  2255 | D        | Killed an orc sorcerer
  2256 | D        | Found Ixkekkat's Antique Armour Shoppe.
  2260 | D        | Found Xegylo's Magic Scroll Emporium.
  2273 | D        | Found Wiutehae's Antique Armour Shoppe.
  2277 | D        | Noticed an orc sorcerer
  2279 | D        | Identified Falu's Tome of the Entourage and Flight (Sif Muna gifted it to you in the Dungeon)
  2279 | D        | Received a gift from Sif Muna
  2280 | D        | Killed an orc sorcerer
  2280 | D        | Noticed an orc high priest
  2286 | D        | Killed an orc high priest
  2286 | D        | Reached skill level 17 in Spellcasting
  2315 | D        | Bought a lamp of fire for 520 gold pieces
  2315 | D        | Bought a phial of floods for 520 gold pieces
  2315 | D        | Bought a wand of acid (11) for 390 gold pieces
  2319 | D        | Bought a scroll of immolation for 38 gold pieces
  2319 | D        | Bought a scroll of magic mapping for 38 gold pieces
  2320 | D        | Bought a scroll of identify for 22 gold pieces
  2320 | D        | Bought a scroll of remove curse for 33 gold pieces
  2320 | D        | Bought a scroll of identify for 22 gold pieces
  2320 | D        | Bought a scroll of identify for 22 gold pieces
  2320 | D        | Bought a scroll of remove curse for 33 gold pieces
  2320 | D        | Bought a scroll of enchant weapon for 82 gold pieces
  2378 | D        | Noticed Erica
  2381 | D        | Killed Erica
  2381 | D        | Reached XP level 12. HP: 74/74 MP: 17/33
  2540 | D        | Noticed a two-headed ogre
  2543 | D        | Killed a two-headed ogre
  2543 | D        | Identified Vutih's Compendium of Helpful Attacks (Sif Muna gifted it to you in the Dungeon)
  2543 | D        | Received a gift from Sif Muna
  2545 | D        | Noticed a white very ugly thing
  2550 | D        | Noticed a cyan very ugly thing
  2551 | D        | Killed a white very ugly thing
  2551 | D        | Noticed a death knight
  2553 | D        | Noticed a rakshasa
  2556 | D        | Killed a death knight
  2557 | D        | Demolished by a cyan very ugly thing

Vault maps used:
D:        linesprint

Skill      XL: |  1  2  3  4  5  6  7  8  9 10 11 12 |
---------------+-------------------------------------+-----
Spellcasting   | 4 6 7 8 10 11 13 15 17 | 17.9
Air Magic      | 4 6 8 9 11 13 14 15 | 15.5
Dodging        | 3 4 5 6 |  6.8
Fighting       | 1 2 3 4 |  4.2
Conjurations   | 2 3 4 6 8 9 |  9.7
Invocations    | 2 5 6 8 10 12 13 | 13.1
Stealth        | |  2.6

Action                   |  1- 3 |  4- 6 |  7- 9 | 10-12 || total
-------------------------+-------+-------+-------+-------++-------
Melee: Unarmed           |     7 |     2 |       |       ||     9
       Constrict         |     3 |     1 |       |     1 ||     5
       Tentacles         |       |     2 |       |     2 ||     4
       Halberd           |       |     1 |       |       ||     1
       Staff             |       |       |       |     5 ||     5
 Cast: Shock             |     6 |     4 |     2 |     2 ||    14
       Swiftness         |       |     1 |     2 |       ||     3
       Airstrike         |       |     2 |     5 |     2 ||     9
       Lightning Bolt    |       |     3 |    10 |    75 ||    88
       Mephitic Cloud    |       |       |       |     1 ||     1
Invok: Channel Magic     |       |       |     2 |     7 ||     9
Evoke: Wand              |       |     4 |     1 |       ||     5
       Lamp of fire      |       |       |       |     2 ||     2
  Use: Potion            |     1 |     1 |       |       ||     2
       Scroll            |       |       |       |     2 ||     2
  Eat: Chunk             |       |       |     1 |     6 ||     7
Dodge: Dodged            |     3 |     5 |     4 |    16 ||    28

Table legend:
 A = Non-vault XP
 B = Vault XP
 C = Vault XP percentage of total XP
 D = Non-vault monster count
 E = Vault monster count
 F = Vault count percentage of total count
                 A         B        C        D         E       F
            +---------+---------+-------+---------+---------+-------
      Total |       0 |   23015 | 100.0 |       0 |     104 | 100.0
            +---------+---------+-------+---------+---------+-------
          D |       0 |   23015 | 100.0 |       0 |     104 | 100.0
            +---------+---------+-------+---------+---------+-------
